AoeStats
← 钓鱼佬

African Clearing

510457931Analyzed
4v4 RM · 11h ago on Oct 1, 2026· 22m 9s· 8 players
Game mode
Random Map
Map size
Large (8 player)
Population
200
Speed
Normal
Resources
Standard
Victory
Conquest
Starting age
Dark Age
Ending age
Imperial Age
RankedLock teamsTeams togetherTeam positionsShared explorationLock speedFull tech treeHidden civsTurbo modeCheats
Victory
Defeat
🇻🇳 Armenians · Vietnam
1934
+10
🇺🇸 Gurjaras · United States
1867
+13
🇨🇳 Wei · China
1812
+15
🇨🇳 Wu · China
1554
+26
🇨🇴 Teutons · Colombia
1889
-20
🇨🇴 Bulgarians · Colombia
1826
-17
🇦🇷 Mapuche · Argentina
1768
-15
🇨🇴 Malay · Colombia
1687
-12
NuMa | Toth
10:57 Loom
13:35 Feudal Age
17:17 Castle Age
15:22 Horse Collar
15:27 Double-Bit Axe
20:27 Scale Barding Armor
[CLB]PEGASO
7:40 Loom
12:25 Feudal Age
13:23 Double-Bit Axe
13:19 Horse Collar
17:22 Forging
21:28 Castle Age
19:55 Scale Barding Armor
20:24 Bloodlines
21:46 Light Cavalry
Negro Raymundo
9:52 Loom
11:44 Feudal Age
15:51 Double-Bit Axe
17:21 Town Watch
21:10 Castle Age
19:13 Fletching
20:30 Padded Archer Armor
20:20 Crossbowman
Magio | Voy Pocker
6:40 Loom
DZT_白霜魔头
13:51 Feudal Age
13:57 Loom
17:34 Castle Age
16:20 Gold Mining
16:24 Horse Collar
17:38 Fletching
18:17 Double-Bit Axe
18:35 Bodkin Arrow
18:42 Town Watch
21:26 Padded Archer Armor
HoangNguyen
9:07 Loom
11:25 Feudal Age
11:26 Man-at-Arms
14:36 Double-Bit Axe
钓鱼佬
8:23 Loom
11:29 Feudal Age
11:30 Man-at-Arms
16:01 Arson
NaiLiu
12:22 Feudal Age
13:33 Double-Bit Axe
16:19 Castle Age
14:27 Gold Mining
15:29 Loom
15:32 Town Watch
17:22 Bow Saw
20:41 Horse Collar
Connection lost

Rejoining the realm…

Still unreachable

The connection could not be restored.

Session expired

The server has moved on; the page needs a fresh start.